 Dungeon Crawl Stone Soup version 0.29.0-4-gdea44cf6ec (webtiles) character file.

Game seed: 1779347356887668016

46 qw the Chopper (level 3, -2/21 HPs)
             Began as a Tengu Warper on Aug 28, 2022.
             Slain by a gnoll
             ... wielding a +0 halberd
              (10 damage)
             ... on level 2 of the Dungeon.
             The game lasted 00:00:07 (1601 turns).

qw the Chopper (Tengu Warper)                       Turns: 1601, Time: 00:00:07

Health: -2/21      AC:  7    Str: 13    XL:     3   Next: 68%
Magic:  7/7        EV: 11    Int: 13    God:
Gold:   61         SH:  0    Dex: 19    Spells: 6/6 levels left

rFire   + . .      SeeInvis .   Y - +1 hand axe
rCold   . . .      Faith    .   (no shield)
rNeg    . . .      Spirit   .   n - +0 ring mail
rPois   .          Reflect  .   (helmet restricted)
rElec   .          Harm     .   (no cloak)
rCorr   .          Rampage  .   (no gloves)
Will    .....                   (boots unavailable)
Stlth   +.........              q - amulet of the acrobat
HPRegen 0.07/turn               j - +6 ring of dexterity
MPRegen 0.10/turn               o - ring of protection from fire

@: no status effects
A: beak, talons 3, iridescent scales 1, wild magic 1
a: no special abilities


You were on level 2 of the Dungeon.
You visited 1 branch of the dungeon, and saw 2 of its levels.

You collected 61 gold pieces.


Innate Abilities, Weirdness & Mutations

You have a beak for a mouth.
You have claws for feet.
You are partially covered in iridescent scales. (AC +2)
Your spells are a little harder to cast, but a little more powerful.


   Skills:
 - Level 2.0 Fighting
 + Level 4.3 Axes
 - Level 1.0 Throwing
 - Level 1.1 Armour
 - Level 2.1 Dodging
 - Level 2.0 Spellcasting
 - Level 2.4 Translocations


You had 6 spell levels left.
You didn't know any spells.
Your spell library contained the following spells:

 Spells                   Type           Power      Damage    Failure   Level
 Blink                    Tloc           18%        N/A       38%         2
 Gell's Gravitas          Tloc           9%         N/A       61%         3
 Lesser Beckoning         Tloc           9%         N/A       61%         3
 Teleport Other           Tloc           9%         N/A       61%         3
 Manifold Assault         Tloc           9%         N/A       100%        5

Inventory:

Hand Weapons
 f - a +0 whip
 Y - a +1 hand axe (weapon)
Armour
 n - a +0 ring mail (worn)
Jewellery
 c - a ring of magical power
 j - a +6 ring of dexterity (left hand)
 o - a ring of protection from fire (right hand)
 q - an amulet of the acrobat (around neck)
Scrolls
 a - a scroll of teleportation {unknown}
 b - a scroll of enchant armour {unknown}
 g - a scroll of identify
Potions
 d - a potion of attraction {unknown}
 h - 2 potions of mutation
 i - 2 potions of curing {unknown}
 l - a potion of heal wounds {unknown}
 p - a potion of lignification {unknown}

Dungeon Overview and Level Annotations

Branches:
Dungeon (2/15)

Altars:


Message History

The worm is moderately wounded.
The worm bites you but does no damage.
You hit the worm. You claw the worm. Your peck misses the worm.
The worm is almost dead.
You hit the worm but do no damage. You peck the worm.
You kill the worm!
Found a dagger.
c - a ring of magical power
Found an escape hatch in the ceiling. 4 gnolls come into view.
Found 7 stones.
The gnoll shouts! x4
Enter note:
1594 ||| Stepping ~*~*~tactically~*~*~ (hiding).
The gnoll attacks as you move away! The gnoll barely misses you.
You barely miss the gnoll. You hit the gnoll.
The gnoll is lightly wounded.
The gnoll closely misses you. The gnoll hits you but does no damage.
You barely miss the gnoll. You claw the gnoll. You peck the gnoll.
The gnoll is severely wounded.
The gnoll hits you from afar with a +0 halberd.
The gnoll hits you but does no damage. x2
You closely miss the gnoll.
The gnoll is severely wounded.
The gnoll hits you with a +0 whip.
The gnoll throws a throwing net.
The throwing net barely misses you.
You hit the gnoll but do no damage. Your peck misses the gnoll.
The gnoll is severely wounded.
The gnoll hits you with a +0 whip.
You closely miss the gnoll. You claw the gnoll. You peck the gnoll.
The gnoll is almost dead.
You hit the gnoll. The gnoll misses you. The gnoll barely misses you.
The gnoll completely misses you.
You hit the gnoll.
You kill the gnoll!
You hit the gnoll.
The gnoll hits you from afar with a +0 halberd!
You die...

######### ........#
#....(# #.....###
#..@....#
#.g)..#.##########
#g#.#............#
#g#.###<########.###
#.#.....# #....
#g#.###.# #.###
#.#.# .#. #.###
#g#.# # #.######.##.
.(... #.....)....


You could see 3 gnolls.

Vanquished Creatures
  An adder (D:2)
  A gnoll (D:2)
  A worm (D:2)
  2 dart slugs
  4 endoplasms (D:1)
  2 goblins (D:1)
  3 hobgoblins
  2 jackals (D:2)
  A quokka (D:1)
  4 ball pythons (D:1)
  A bat (D:1)
  A frilled lizard (D:1)
  4 kobolds
  3 rats
30 creatures vanquished.

Notes
Turn   | Place    | Note
-------+----------+-------------------------------------------
     0 | D:1      | qw the Tengu Warper began the quest for the Orb.
     0 | D:1      | Reached XP level 1. HP: 12/12 MP: 4/4
     0 | D:1      | 0 ||| qw: Version: 0.1-a-89-g26bdef1
     0 | D:1      | 0 ||| qw: Game counter: 114
     0 | D:1      | 0 ||| qw: Always use a shield: true
     0 | D:1      | 0 ||| qw: God list: Okawaru
     0 | D:1      | 0 ||| qw: Allow faded altars: false
     0 | D:1      | 0 ||| qw: Do Orc after D:15 true
     0 | D:1      | 0 ||| qw: Do second Lair branch before Depths: true
     0 | D:1      | 0 ||| qw: Lair rune preference: random
     0 | D:1      | 0 ||| qw: Plans: Normal
     0 | D:1      | 0 ||| PLANNING D:1-11
   147 | D:1      | Reached XP level 2. HP: 17/17 MP: 6/6
   157 | D:1      | 157 ||| Stepping ~*~*~tactically~*~*~ (stealth).
   159 | D:1      | 159 ||| Stepping ~*~*~tactically~*~*~ (stealth).
   163 | D:1      | Reached skill level 3 in Axes
   557 | D:1      | 557 ||| Stepping ~*~*~tactically~*~*~ (hiding).
   659 | D:1      | 659 ||| Stepping ~*~*~tactically~*~*~ (hiding).
  1211 | D:1      | 1211 ||| UPGRADING to +0 ring mail.
  1221 | D:1      | 1221 ||| DROPPING +0 leather armour.
  1222 | D:1      | 1222 ||| UPGRADING to amulet of the acrobat.
  1227 | D:1      | 1227 ||| UPGRADING to +6 ring of dexterity.
  1228 | D:1      | 1228 ||| UPGRADING to ring of protection from fire.
  1229 | D:1      | 1229 ||| READING 2 scrolls labelled RUAM XAVAMU.
  1230 | D:1      | 1230 ||| READING 2 scrolls labelled SISIHO RIMN.
  1231 | D:1      | 1231 ||| READING scroll labelled ZAKUSAE MAOGAE.
  1232 | D:1      | 1232 ||| READING scroll labelled LOCZYB VA NIRCH.
  1233 | D:1      | 1233 ||| DRINKING 3 metallic black potions.
  1233 | D:1      | Gained mutation: Your spells are a little harder to cast,
                  | but a little more powerful. [potion of mutation]
  1233 | D:1      | Gained mutation: You are partially covered in iridescent
                  | scales. (AC +2) [potion of mutation]
  1234 | D:1      | 1234 ||| DROPPING scroll of fear.
  1235 | D:1      | 1235 ||| DROPPING scroll of blinking.
  1301 | D:2      | 1301 ||| STAIRDANCE
  1304 | D:1      | Reached XP level 3. HP: 21/21 MP: 7/7
  1363 | D:2      | Reached skill level 4 in Axes
  1594 | D:2      | 1594 ||| Stepping ~*~*~tactically~*~*~ (hiding).
  1601 | D:2      | Slain by a gnoll

Levels and vault maps discovered:
D:1:      tarquinn_simple_flora_water_f, layout_basic, corner_web_ring,
          lemuel_another_geyser
D:2:      layout_loops_ring, shapermc_ecumenical_altar_acropolis, uniq_robin

Skill      XL: |  1  2  3 |
---------------+----------+-----
Axes           | 3 4 |  4.3
Fighting       | |  2.0
Throwing       | |  1.0
Armour         | |  1.1
Dodging        | |  2.1
Spellcasting   | |  2.0
Translocations | |  2.4

Action                   || total
-------------------------++-------
Melee: Hand axe          ||    67
       Kick              ||    18
       Peck              ||     7
Throw: Boomerang         ||     7
  Use: Scroll            ||     4
       Potion            ||     1
Armor: Leather armour    ||     5
       Ring mail         ||    13
Dodge: Dodged            ||    40

Table legend:
 A = Non-vault XP
 B = Vault XP
 C = Vault XP percentage of total XP
 D = Non-vault monster count
 E = Vault monster count
 F = Vault count percentage of total count
                 A         B        C        D         E       F
            +---------+---------+-------+---------+---------+-------
      Total |      81 |       0 |   0.0 |      30 |       0 |   0.0
            +---------+---------+-------+---------+---------+-------
        D:1 |      35 |       0 |   0.0 |      20 |       0 |   0.0
        D:2 |      46 |       0 |   0.0 |      10 |       0 |   0.0
            +---------+---------+-------+---------+---------+-------
